 Dungeon Crawl Stone Soup version 0.17.2-1-ge4368a0 (webtiles) character file.

9294 Goblin1989 the Basher (level 11, 0/89 HPs)
             Began as a Demonspawn Assassin on Dec 8, 2017.
             Was an Initiate of Gozag.
             Slain by a hill giant
             ... wielding a +0 giant spiked club
              (19 damage)
             ... on level 11 of the Dungeon on Dec 12, 2017.
             The game lasted 00:36:52 (11651 turns).

Goblin1989 the Basher (Demonspawn Assassin)        Turns: 11651, Time: 00:36:52

Health: 0/89       AC: 11    Str: 15    XL:     11   Next: 21%
Magic:  0/9        EV: 12    Int: 12    God:    Gozag
Gold:   967        SH:  0    Dex: 15    Spells: 0 memorised, 10 levels left

rFire  . . .     SeeInvis .     w - +0 blowgun {@w1}
rCold  . . .     Clarity  .     B - +0 scale mail
rNeg   + + .     SustAt   .     (no shield)
rPois  .         Gourm    .     (helmet restricted)
rElec  .         Spirit   +     d - +0 cloak
rCorr  .         Warding  +     m - +0 pair of gloves
rMut   .         Stasis   .     (no boots)
MR     +....                    K - amulet of warding
Stlth  +.........               o - ring of positive energy
                                (no ring)

@: somewhat resistant to hostile enchantments, very unstealthy
A: beak, horns 1, molten scales 1, low mp 1, magic resistance 1, powered by
death 2, magic shield
a: Potion Petition, Call Merchant, Bribe Branch, Renounce Religion


You were on level 11 of the Dungeon.
You worshipped Gozag.
Gozag was noncommittal.
You were full.

You visited 2 branches of the dungeon, and saw 12 of its levels.
You also visited: Sewer.

You collected 1680 gold pieces.
You spent 588 gold pieces at shops.
You paid 125 gold pieces to Gozag.

Inventory:

Hand Weapons
 a - a +0 dire flail
 p - a +2 whip of freezing
 w - a +0 blowgun (weapon) {@w1}
 J - the +0 dagger "Fott" {flame, rPois rF- MR+}
   (You found it on level 5 of the Dungeon)

   It has been specially enchanted to burn those struck by it, causing extra
   injury to most foes and up to half again as much damage against particularly
   susceptible opponents.
   It makes you vulnerable to fire.
   It protects you from poison.
   It affects your resistance to hostile enchantments.
Missiles
 g - 40 poisoned needles (quivered)
 H - 13 tomahawks of returning
 N - a curare-tipped needle
 O - 5 needles of sleeping
Armour
 d - a +0 cloak (worn)
 m - a +0 pair of gloves (worn)
 B - a +0 scale mail (worn)
Jewellery
 o - a ring of positive energy (right hand)
 u - a cursed ring of loudness {unknown}
 K - an amulet of warding (around neck)
Wands
 l - a wand of fireball (7)
 t - a wand of disintegration (0)
 x - a wand of teleportation (0) {@v3, !v}
 C - a wand of confusion (35)
 E - a wand of invisibility (2)
 P - a wand of flame (13)
Scrolls
 h - 2 scrolls of noise
 i - a scroll of summoning
 j - a scroll of fog
 k - 2 scrolls of recharging
 n - 3 scrolls of enchant armour
 r - 2 scrolls of fear
 s - 8 scrolls of remove curse {@r2}
 v - 2 scrolls of blinking {unknown}
 y - 3 scrolls of amnesia {unknown}
 M - a scroll of magic mapping
 T - 6 scrolls of teleportation {@r3, !r}
Potions
 b - 3 potions of heal wounds {@q2, !q}
 c - a potion of agility
 f - a potion of mutation
 q - a potion of flight
 z - 4 potions of curing {@q1}
 A - 2 potions of haste {@q3, !q}
 D - a potion of magic
 F - 2 potions of brilliance
 I - 2 potions of ambrosia
 L - 3 potions of might
 W - a potion of resistance
 X - a potion of berserk rage
Comestibles
 e - 4 bread rations {@e1}
 Q - 3 fruits
 S - 6 slices of pizza
 V - 2 meat rations {@e2}


   Skills:
 + Level 9.0 Fighting
 - Level 1.7 Short Blades
 * Level 11.0 Maces & Flails
 - Level 1.7 Throwing
 + Level 6.9 Armour
 + Level 4.8 Dodging
 - Level 3.6 Stealth


You had 10 spell levels left.
You didn't know any spells.

Dungeon Overview and Level Annotations

Branches:
Dungeon (11/15)            Temple (1/1) D:6            Lair (0/8) D:11
    Orc: D:9-12

Altars:
Ashenzari
Cheibriados
Dithmenos
Elyvilon
Fedhas
Gozag
Kikubaaqudgha
Makhleb
Nemelex Xobeh
Okawaru
Qazlal
Ru
Sif Muna
Trog
Vehumet
Xom
Yredelemnul
Zin
The Shining One

Shops:
D:4 [   D:6 !

Annotations:
D:2 Terence
D:4 Dowan
D:11 exclusion: hydra


Innate Abilities, Weirdness & Mutations

You have a pair of small horns on your head.
You are partially covered in molten scales (AC +1).
You regenerate health from kills.
When hurt, damage is shared between your health and your magic reserves.
You have a beak for a mouth.
Your magical capacity is low (-10% MP).
You are resistant to hostile enchantments.


Message History

No target in view!
No target in view!
No target in view!
No target in view!
No target in view!
No target in view!
No target in view!
No target in view!
No target in view!
No target in view!
A porcupine comes into view.
You see here 7 gold pieces.
A hill giant comes into view. It is wielding a giant spiked club.
Health restored: 89 The porcupine bites you.
You take 5 damage, and have 84/89 hp.
You are struck by the porcupine's spines.
You barely miss the porcupine. You headbutt the porcupine.
The porcupine is lightly wounded.
The porcupine barely misses you.
You take 1 damage, and have 83/89 hp.
MP restored: 9 You barely miss the porcupine.
You peck the porcupine, but do no damage.
The porcupine is lightly wounded.
The porcupine barely misses you.
You hit the porcupine.
The porcupine is heavily wounded.
The porcupine bites you.
You take 5 damage, and have 78/89 hp.
You are struck by the porcupine's spines.
You barely miss the porcupine. You headbutt the porcupine!
You kill the porcupine!
Your life force feels restored.
The hill giant is distracted by the nearby gold.
You regained 2 hp, and now have 80/89 hp.
You barely miss the hill giant.
The hill giant is no longer distracted by gold.
You peck the hill giant, but do no damage.
The hill giant hits you with a giant spiked club!
You take 6 damage, and have 74/89 hp.
You hit the hill giant.
The hill giant is lightly wounded.
You hit the hill giant but do no damage.
You headbutt the hill giant.
The hill giant is lightly wounded.
The hill giant closely misses you.
You hit the hill giant. You peck the hill giant.
The hill giant is lightly wounded.
You barely miss the hill giant.
The hill giant is lightly wounded.
The hill giant hits you with a giant spiked club!!
You take 17 damage, and have 60/89 hp.
You now have 7/9 mp.
You thump the hill giant! Your peck misses the hill giant.
The hill giant is moderately wounded.
You hit the hill giant.
The hill giant is moderately wounded.
The hill giant hits you with a giant spiked club!!
* * * LOW HITPOINT WARNING * * *
You are too injured to fight recklessly!
You take 21 damage, and have 40/89 hp.
O_OOPS!!
MASSIVE DAMAGE!!
You now have 5/9 mp.
You are too injured to fight recklessly!
Unknown command.
You thump the hill giant! You peck the hill giant.
The hill giant is severely wounded.
You hit the hill giant but do no damage.
The hill giant is severely wounded.
The hill giant hits you with a giant spiked club!!
* * * LOW HITPOINT WARNING * * *
You take 23 damage, and have 18/89 hp.
O_OOPS!!
MASSIVE DAMAGE!!
You now have 2/9 mp.
There is a staircase to the Lair here.
You regained 2 hp, and now have 22/89 hp.
You regained 2 hp, and now have 28/89 hp.
You puncture the hill giant! You headbutt the hill giant.
The hill giant is severely wounded.
You feel less regenerative.
The hill giant hits you with a giant spiked club!
* * * LOW HITPOINT WARNING * * *
You take 11 damage, and have 17/89 hp.
You now have 2/9 mp.
Unknown command.
Your scale mail prevents you from hitting the hill giant.
You peck the hill giant.
The hill giant is severely wounded.
Wield which item (- for none, * to show all)? (? for menu, Esc to quit)
w - a +0 blowgun (weapon)
{@w1} The hill giant hits you with a giant spiked club.
* * * LOW HITPOINT WARNING * * *
You take 3 damage, and have 18/89 hp.
Firing (i - inventory. (,) - cycle):
g - 41 poisoned needles (quivered)
Press: ? - help, Shift-Dir - straight line, f - hill giant
Aim: a hill giant, wielding a giant spiked club (severely wounded)
You shoot a poisoned needle.
The poisoned needle hits the hill giant!
The hill giant is poisoned.
The hill giant is severely wounded.
The hill giant hits you with a giant spiked club!!
You die...
Your body crumbles into a pile of gold.

█..█....█..........
█..∆....█..........
█..█....█..........
█.██....█.██.......
█.█.....█.█........
█(∆.....█.█........
█.█.....█.█........
█C███████.█.......>
████████.@....)...█.......
█....)............▲.......
█................ █.......
█................ █.......
██████....███████ █..█...█
█....█ █.██...█ █....█
█.█....█ █....█ █....▲
█....█ █.. █


You could see a hill giant.

Vanquished Creatures
  A hydra (D:10)
  An unseen horror (D:10)
  Pikel (D:5)
  3 yaks
  Sigmund (D:2)
  A wraith (D:11)
  A shadow (D:11)
  A hippogriff (D:10)
  A wyvern (D:9)
  A basilisk (D:11)
  Grum (D:8)
  3 wolves (D:8)
  A hungry ghost (D:7)
  Menkaure (D:7)
  Edmund (D:4)
  Duvessa (D:4)
  2 orc warriors
  A black bear (D:7)
  A porcupine (D:11)
  4 sky beasts
  A water moccasin (D:8)
  A wasp (D:9)
  4 slaves (D:5)
  An eye of draining (D:9)
  2 centaurs
  An ice beast (D:5)
  A phantom (D:10)
  6 ogres
  A giant frog (D:11)
  A crocodile (D:10)
  7 big kobolds
  2 scorpions
  11 wights
  A quasit (D:10)
  6 killer bees (D:10)
  5 crimson imps
  A gnoll shaman (D:5)
  4 orc priests
  2 centaur zombies
  5 hounds
  2 giant frog skeletons
  4 jellies
  Crazy Yiuf (D:5)
  A centaur skeleton (D:6)
  An iron imp (D:5)
  9 worker ants
  5 iguanas
  5 orc wizards
  A killer bee zombie (D:11)
  2 sheep (D:10)
  A hound skeleton (D:7)
  21 gnolls
  4 river rats
  13 adders
  3 shadow imps
  3 oozes
  2 adder zombies
  2 adder skeletons
  4 worms
  7 giant geckos
  32 orcs
  17 giant cockroaches
  14 goblins
  5 hobgoblins
  11 jackals
  5 quokkas
  4 ball pythons (Sewer)
  5 bats
  A giant gecko zombie (D:5)
  6 giant newts
  17 kobolds
  14 rats
313 creatures vanquished.

Vanquished Creatures (others)
  A deep elf mage (D:9)
1 creature vanquished.

Grand Total: 314 creatures vanquished

Notes
Turn   | Place    | Note
--------------------------------------------------------------
     0 | D:1      | Goblin1989 the Demonspawn Assassin began the quest for the Orb.
     0 | D:1      | Reached XP level 1. HP: 16/16 MP: 1/1
   435 | D:1      | Gained mutation: You are partially covered in molten scales (AC +1). [demonic ancestry]
   435 | D:1      | Reached XP level 2. HP: 23/23 MP: 2/2
   978 | D:2      | Reached XP level 3. HP: 19/29 MP: 3/3
   979 | D:2      | Noticed Sigmund
  1147 | D:2      | Noticed Terence
  1308 | D:1      | Reached skill level 4 in Fighting
  1631 | D:3      | Gained mutation: You have a pair of small horns on your head. [demonic ancestry]
  1631 | D:3      | Reached XP level 4. HP: 19/38 MP: 4/4
  1986 | D:2      | Reached skill level 1 in Maces & Flails
  2252 | D:2      | Killed Sigmund
  2252 | D:2      | Reached XP level 5. HP: 15/43 MP: 5/5
  2252 | D:2      | Reached XP level 6. HP: 17/50 MP: 6/6
  3398 | D:4      | Found a glowing drain.
  3416 | Sewer    | Entered a sewer
  4039 | Sewer    | Reached skill level 5 in Fighting
  4039 | Sewer    | Reached skill level 5 in Maces & Flails
  4039 | Sewer    | Reached XP level 7. HP: 27/56 MP: 7/7
  4391 | Sewer    | Reached skill level 1 in Armour
  4606 | D:4      | Found Niotoot's Antique Armour Shop.
  4793 | D:4      | Reached skill level 6 in Maces & Flails
  5113 | D:4      | Noticed Duvessa
  5113 | D:4      | Noticed Dowan
  5436 | D:4      | Noticed Edmund
  5527 | D:4      | Killed Edmund
  5527 | D:4      | Gained mutation: You regenerate a little health from kills. [demonic ancestry]
  5527 | D:4      | Reached XP level 8. HP: 19/64 MP: 8/8
  5728 | D:4      | Killed Duvessa
  5937 | D:4      | Reached skill level 7 in Maces & Flails
  5965 | D:5      | Entered Level 5 of the Dungeon
  6049 | D:5      | Got a polished dagger
  6082 | D:5      | Gained mutation: You have a beak for a mouth. [mutagenic meat]
  6083 | D:5      | Gained mutation: You are resistant to hostile enchantments. [mutagenic meat]
  6084 | D:5      | Gained mutation: Your magical capacity is low (-10% MP). [mutagenic meat]
  6234 | D:5      | Noticed Pikel
  6234 | D:5      | Identified the cursed +0 dagger "Fott" {flame, rPois rF- MR+} (You found it on level 5 of the Dungeon)
  6655 | D:5      | Killed Pikel
  6655 | D:5      | Reached skill level 8 in Maces & Flails
  6655 | D:5      | Gained mutation: When hurt, damage is shared between your health and your magic reserves. [demonic ancestry]
  6655 | D:5      | Reached XP level 9. HP: 61/71 MP: 8/8
  6709 | D:5      | Found a burning altar of Makhleb.
  6750 | D:5      | Noticed Crazy Yiuf
  6759 | D:5      | Killed Crazy Yiuf
  6957 | D:6      | Found Gidghaliph's Distillery.
  7106 | D:6      | Found a staircase to the Ecumenical Temple.
  7113 | Temple   | Entered the Ecumenical Temple
  7151 | Temple   | Became a worshipper of Gozag Ym Sagoz the Greedy
  7532 | D:6      | Found a bloodstained altar of Trog.
  7741 | D:7      | Reached skill level 1 in Dodging
  7828 | D:7      | Reached skill level 9 in Maces & Flails
  7853 | D:7      | Noticed Menkaure
  7864 | D:7      | jacquesderrida: Гремлин и Кефирчик
  7864 | D:7      | jacquesderrida: Словинские
  8077 | D:7      | Found a glowing golden altar of the Shining One.
  8082 | D:7      | Killed Menkaure
  8108 | D:7      | Reached skill level 5 in Armour
  8241 | D:7      | Found a flagged portal.
  8401 | D:7      | Goblin1989: не знал что кефир из руссоговорящих
  8401 | D:7      | Goblin1989: а еще я бэйли проебал
  8401 | D:7      | Goblin1989: ну да ладно
  8401 | D:7      | Goblin1989: пойду домой, всем удачи
  8877 | D:8      | Gained mutation: You regenerate health from kills. [demonic ancestry]
  8877 | D:8      | Reached XP level 10. HP: 75/80 MP: 9/9
  8944 | D:8      | Noticed Grum
  8976 | D:8      | Killed Grum
  9641 | D:9      | Reached skill level 10 in Maces & Flails
 10219 | D:10     | Entered Level 10 of the Dungeon
 10275 | D:10     | Found a stormy altar of Qazlal.
 10395 | D:10     | Killed an unseen horror
 10866 | D:10     | Noticed a three-headed hydra
 10878 | D:10     | Killed a three-headed hydra
 10878 | D:10     | Reached XP level 11. HP: 45/87 MP: 4/9
 11129 | D:6      | Bought a potion of ambrosia for 112 gold pieces
 11129 | D:6      | Bought a potion of poison for 14 gold pieces
 11129 | D:6      | Bought a potion of might for 56 gold pieces
 11129 | D:6      | Bought a potion of brilliance for 56 gold pieces
 11129 | D:6      | Bought a potion of haste for 140 gold pieces
 11129 | D:6      | Bought a potion of resistance for 140 gold pieces
 11129 | D:6      | Bought a potion of berserk rage for 70 gold pieces
 11324 | D:11     | Noticed a four-headed hydra
 11519 | D:11     | Reached skill level 11 in Maces & Flails
 11595 | D:11     | Found a staircase to the Lair.
 11604 | D:11     | Noticed a hill giant
 11651 | D:11     | Slain by a hill giant

Action                   |  1- 3 |  4- 6 |  7- 9 | 10-12 || total
-------------------------+-------+-------+-------+-------++-------
Melee: Dagger            |   150 |     4 |     1 |       ||   155
       Whip              |       |   255 |   265 |       ||   520
       Morningstar       |       |       |    17 |       ||    17
       Dire flail        |       |       |   416 |   480 ||   896
 Fire: Blowgun           |     8 |    27 |    25 |     1 ||    61
Evoke: Wand              |       |       |     3 |     1 ||     4
  Use: Potion            |     1 |     1 |       |     1 ||     3
       Scroll            |       |     2 |     3 |    11 ||    16
 Stab: Sleeping          |     2 |     5 |     2 |     3 ||    12
       Distracted        |     1 |       |       |     2 ||     3
       Invisible         |       |       |       |     2 ||     2
  Eat: Chunk             |     2 |     8 |    14 |       ||    24
       Fruit             |       |       |     2 |    12 ||    14
       Meat ration       |       |       |     1 |     1 ||     2
       Pizza             |       |       |     1 |       ||     1

Vault maps used:
D:1:      nicolae_arrival_washed_ashore
D:2:      first_bread, uniq_terence, uniq_sigmund
D:4:      serial_shops, shop, gup_sewer_entry_pipe, due_unseen_surprise,
          uniq_duvessa, uniq_edmund
D:5:      makhleb_grotto_becter, uniq_pikel, uniq_crazy_yiuf_cottage
D:6:      lemuel_coloured_pillars_altar, minmay_temple_entry_glass,
          serial_shops, kennysheep_mini, kennysheep_flooded_box
D:7:      tso_metal_star, lightli_bailey_entry_fortress, uniq_menkaure
D:8:      uniq_grum
D:9:      kennysheep_generic_room_4
D:10:     hangedman_ranch, nicolae_qazlal_general_emergency
D:11:     dpeg_lair_monsters, erik_orc_1
Temple:   nicolae_temple_the_god_donut
Sewer:    sewer_co_tree
